 Dungeon Crawl Stone Soup version 0.30-b1-2-g02819fbbbe (webtiles) character file.

Game seed: 8080189371432901201

9 Alarkh the Shooter (level 2, 22/22 HPs)
             Began as a Demonspawn Hunter on May 25, 2023.
             Got out of the dungeon alive.
             The game lasted 00:00:09 (105 turns).

Alarkh the Shooter (Demonspawn Hunter)               Turns: 105, Time: 00:00:10

Health: 22/22      AC:  5    Str: 11    XL:     2   Next: 3%
Magic:  2/2        EV: 11    Int: 10    God:
Gold:   15         SH:  0    Dex: 16    Spells: 1/1 levels left

rFire   . . .        a - +0 shortbow
rCold   . . .        (shield currently unavailable)
rNeg    . . .        c - +0 leather armour
rPois   .            (no helmet)
rElec   .            (no cloak)
rCorr   .            (no gloves)
SInv    .            (no boots)
Will    .....        (no amulet)
Stlth   +            (no ring)
HPRegen 0.23/turn    (no ring)
MPRegen 0.08/turn

%: no passive effects
@: no status effects
A: thin metallic scales 1
a: no special abilities


You escaped.
You visited 1 branch of the dungeon, and saw 1 of its levels.

You collected 15 gold pieces.

Inventory:

Hand Weapons
 a - a +0 shortbow (weapon)
Armour
 c - a +0 leather armour (worn)
Scrolls
 b - a scroll of immolation
 e - a scroll of teleportation {unknown}
Potions
 d - a potion of lignification {unknown}


   Skills:
 - Level 2.0 Fighting
 + Level 4.1 Ranged Weapons
 - Level 1.7 Dodging
 - Level 0.8 Stealth


You had one spell level left.
You didn't know any spells.
Your spell library was empty.

Dungeon Overview and Level Annotations

Branches:
Dungeon (1/15)

Altars:


Innate Abilities, Weirdness & Mutations

You are partially covered in thin metallic scales. (AC +2)


Message History

The jackal is moderately wounded.
You shoot an arrow. The arrow hits the jackal!
You kill the jackal!
You shoot an arrow. The arrow hits the jackal.
You kill the jackal!
The jackal bites you but does no damage.
You shoot an arrow. The arrow hits the jackal.
The jackal is almost dead.
The jackal barely misses you.
You shoot an arrow. The arrow hits the jackal.
You kill the jackal!
The jackal barely misses you.
You shoot an arrow. The arrow closely misses the jackal.
The jackal bites you. x2
You shoot an arrow. The arrow barely misses the jackal.
The jackal closely misses you.
The jackal bites you but does no damage.
You shoot an arrow. The arrow closely misses the jackal.
The jackal bites you but does no damage. x2
You shoot an arrow. The arrow closely misses the jackal.
The jackal completely misses you.
The jackal bites you but does no damage.
You shoot an arrow. The arrow hits the jackal!
You kill the jackal!
Your Ranged Weapons skill increases to level 4!
No target in view!
A quokka comes into view.
A quokka is nearby!
You shoot an arrow. The arrow hits the quokka!
You kill the quokka!
You have reached level 2!
Your demonic ancestry asserts itself...
Thin metallic scales grow over part of your body.
HP restored.
Things that are here:
a jackal corpse; a jackal corpse You now have 15 gold pieces.
e - a scroll labelled VERHAV HOEC
There is a staircase leading out of the dungeon here.
Are you sure you want to leave the Dungeon?
This will make you lose the game!
You have escaped!

#.#########.......
#####.....#####.#
#...#.....#...#.#
#.8.#.....#.8.#.#
#...#.....#...#.#
#####.....#####.#
................#
.................#
.........@........#
#.................#
#.................# ..#
#.#####.....#####.# ..
..#.#...#.....#...#.# ..
....#.#.8.#.....#.8.#.# ..
....#.#...#.....#...#.#
.###...#.#####.....#####.#
...##..#.................#


There were no monsters in sight!

Vanquished Creatures
  A ball python (D:1)
  4 jackals (D:1)
  A quokka (D:1)
  A kobold (D:1)
7 creatures vanquished.

Notes
Turn   | Place    | Note
-------+----------+-------------------------------------------
     0 | D:1      | Alarkh the Demonspawn Hunter began the quest for the Orb.
     0 | D:1      | Reached XP level 1. HP: 16/16 MP: 1/1
    51 | D:1      | Reached skill level 4 in Ranged Weapons
    53 | D:1      | Gained mutation: You are partially covered in thin metallic
                  | scales. (AC +2) [demonic ancestry]
    53 | D:1      | Reached XP level 2. HP: 18/22 MP: 2/2
   105 | D:$      | Got out of the dungeon alive.

Illustrated notes

Levels and vault maps discovered:
D:1:      minmay_arrival_glassed_features, layout_basic,
          dreamdust_ecumenical_altar_sealed_demon, minmay_split_cup_small

Skill      XL: |  1 |
---------------+----+-----
Ranged Weapons | 4 |  4.1
Fighting       | |  2.0
Dodging        | |  1.7
Stealth        | |  0.8

Action                     || total
---------------------------++-------
   Fire: Shortbow          ||    14
 Armour: Leather armour    ||     5
  Dodge: Dodged            ||     4
